 Dungeon Crawl Stone Soup version 0.25.1-2-g60ff931df9 (webtiles) character file.

Game seed: 17025653841577233275

2340 solopath the Frost Mage (level 9, -6/57 HPs)
             Began as a Barachi Ice Elementalist on Nov 3, 2020.
             Was an Elder of Cheibriados.
             Mangled by an ogre
             ... wielding a +0 giant spiked club
              (19 damage)
             ... on level 7 of the Dungeon.
             The game lasted 00:17:20 (6637 turns).

solopath the Frost Mage (Barachi Ice Elementalist)  Turns: 6637, Time: 00:17:20

Health: -6/57      AC:  5    Str: 19    XL:     9   Next: 43%
Magic:  14/17      EV: 13    Int: 29    God:    Cheibriados [****..]
Gold:   376        SH:  0    Dex: 23    Spells: 7/19 levels left

rFire    . . .     SeeInvis +   x - +0 rapier
rCold    . . .     Gourm    .   (no shield)
rNeg     . . .     Faith    .   a - +0 robe
rPois    .         Spirit   .   C - +2 helmet
rElec    .         Reflect  .   (no cloak)
rCorr    .         Harm     .   (no gloves)
MR       .....                  (no boots)
Stlth    ++++......             (no amulet)
HPRegen  0.19/turn              z - ring of see invisible
MPRegen  0.15/turn              (no ring)

@: can't hop, frozen ramparts, very slow
A: +LOS, swims, slowness 1, strong legs 1
a: Hop, Bend Time, Temporal Distortion, Slouch, Renounce Religion


You were on level 7 of the Dungeon.
You worshipped Cheibriados.
Cheibriados was greatly pleased with you.
You were hungry.

You visited 1 branch of the dungeon, and saw 7 of its levels.

You collected 376 gold pieces.

Inventory:

Hand Weapons
 e - a +0 dagger
 v - a +0 dagger of freezing
 x - a +0 rapier (weapon)
Missiles
 F - 9 poisoned darts (quivered)
Armour
 a - a +0 robe (worn)
 f - a +0 helmet
 C - a +2 helmet (worn)
Jewellery
 z - a ring of see invisible (left hand)
Wands
 k - a wand of disintegration (8)
 E - a wand of paralysis (4)
Scrolls
 b - 4 scrolls of teleportation
 d - 2 scrolls of fog
 h - 4 scrolls of amnesia
 j - 7 scrolls of identify
 l - a scroll of magic mapping
 n - 2 scrolls of fear
 p - 3 scrolls of remove curse
 r - a scroll of blinking {unknown}
 t - a scroll of noise {unknown}
 u - 3 scrolls of enchant armour {unknown}
 w - 2 scrolls of enchant weapon {unknown}
 y - a scroll of immolation {unknown}
 D - a scroll of summoning {unknown}
Potions
 g - a potion of ambrosia {unknown}
 i - 2 potions of mutation {unknown}
 m - 3 potions of curing
 q - 5 potions of flight
 s - 2 potions of heal wounds {unknown}
 A - a potion of stabbing {unknown}
 B - a potion of cancellation {unknown}
Comestibles
 c - 13 rations


   Skills:
 + Level 4.3 Short Blades
 - Level 2.1 Dodging
 + Level 5.5 Stealth
 + Level 5.7 Spellcasting
 - Level 3.0 Summonings
 * Level 10.2 Ice Magic
 + Level 2.6 Invocations
 + Level 0.9 Evocations


You had 7 spell levels left.
You knew the following spells:

 Your Spells              Type           Power        Failure   Level  Hunger
a - Freeze                Ice            ####         1%          1    None
b - Frozen Ramparts       Ice            ######       1%          3    None
c - Hailstorm             Conj/Ice       #####...     7%          4    ###....
d - Summon Ice Beast      Ice/Summ       #####...     3%          4    ###....

Your spell library contained the following spells:

 Spells                   Type           Power        Failure   Level  Hunger
 Ozocubu's Armour         Chrm/Ice       #####...     2%          3    None


Dungeon Overview and Level Annotations

Branches:
Dungeon (7/15)
 Temple: D:4-7

Altars:
Ashenzari
Cheibriados
Fedhas
Gozag
Kikubaaqudgha
Makhleb
Ru
Wu Jian


Innate Abilities, Weirdness & Mutations

You can be seen from farther away. (+LOS)
You can swim through water.
You cover ground slowly.
You can hop short distances.


Message History

You now have 376 gold pieces (gained 7).
Found an orc skeleton.
An ogre comes into view. It is wielding a +0 giant spiked club.
Found a throwing net and 5 rations.
The ogre shouts!
The ogre hits you with a +0 giant spiked club!! x2
* * * LOW HITPOINT WARNING * * *
You see here a throwing net.
You are too injured to fight recklessly!
Unknown command.
Hop to where?
Press: ? - help, Dir - move target cursor Boing!
Casting: Frozen Ramparts (safe; 1% risk of failure)
Confirm with . or Enter, or press ? or * to list all spells.
The walls around you are covered in ice.
Unknown command.
You completely miss the ogre.
The wall freezes the ogre!
The ogre hits you with a +0 giant spiked club!!
You die...

##### #%O÷######
#.°@##>..#
#%(.##...#
###.##...#
#.###...#
##.###...##
##.###.....#
#.÷.#####..#####
##..##.........#
#......##.....#
#


You could see an ogre.

Vanquished Creatures
  Grinder (D:6)
  Sigmund (D:5)
  An orc warrior (D:6)
  2 ogres
  5 centaurs
  A bullfrog (D:6)
  A gnoll sergeant (D:6)
  2 scorpions (D:5)
  3 vampire bats (D:6)
  A crimson imp (D:4)
  3 orc priests (D:4)
  A centaur skeleton (D:5)
  12 orc wizards
  Jessica (D:2)
  2 iguanas (D:6)
  Ijyb (D:3)
  4 worker ants
  Natasha (thrice) (D:2)
  A hound zombie (D:6)
  Robin (D:3)
  4 gnolls (D:6)
  7 adders
  2 oozes (D:2)
  An adder skeleton (D:4)
  A worm (D:4)
  3 leopard geckos
  24 orcs
  12 bats
  A bat skeleton (D:6)
  5 bat zombies (D:6)
  2 giant cockroaches
  16 goblins
  11 hobgoblins
  7 jackals
  3 quokkas
  A ball python (D:1)
  3 frilled lizards
  A jackal skeleton (D:4)
  A jackal zombie (D:5)
  6 kobolds
  A leopard gecko skeleton (D:4)
  A quokka skeleton (D:4)
  7 rats
167 creatures vanquished.

Vanquished Creatures (collateral kills)
  An orc wizard (D:6)
1 creature vanquished.

Vanquished Creatures (others)
  2 plants (D:5)
2 creatures vanquished.

Grand Total: 170 creatures vanquished

Notes
Turn   | Place    | Note
-------+----------+-------------------------------------------
     0 | D:1      | solopath the Barachi Ice Elementalist began the quest for
                  | the Orb.
     0 | D:1      | Reached XP level 1. HP: 13/13 MP: 3/3
    99 | D:1      | Reached skill level 5 in Ice Magic
   383 | D:1      | Reached XP level 2. HP: 19/19 MP: 3/5
   945 | D:1      | Reached XP level 3. HP: 24/24 MP: 4/6
   950 | D:1      | Learned a level 3 spell: Frozen Ramparts
  1621 | D:2      | Noticed Jessica
  1628 | D:2      | Killed Jessica
  1628 | D:2      | Reached XP level 4. HP: 22/30 MP: 2/8
  1832 | D:2      | Found a sacrificial altar of Ru.
  1832 | D:2      | Found a snail-covered altar of Cheibriados.
  1832 | D:2      | Found a burning altar of Makhleb.
  1840 | D:2      | Became a worshipper of Cheibriados the Contemplative
  1870 | D:2      | Reached skill level 6 in Ice Magic
  1895 | D:2      | Noticed Natasha
  1901 | D:2      | Killed Natasha
  2176 | D:2      | Reached XP level 5. HP: 33/35 MP: 6/9
  2218 | D:2      | Noticed Natasha
  2226 | D:2      | Killed Natasha
  2276 | D:2      | Noticed Natasha
  2280 | D:2      | Killed Natasha
  2334 | D:2      | Found a blossoming altar of Fedhas.
  2546 | D:2      | Noticed a centaur
  2553 | D:2      | Killed a centaur
  2553 | D:2      | Reached skill level 7 in Ice Magic
  2553 | D:2      | Reached XP level 6. HP: 19/41 MP: 5/11
  2856 | D:3      | Noticed Robin
  2857 | D:3      | Reached * piety under Cheibriados
  2872 | D:3      | Killed Robin
  2879 | D:3      | Noticed Ijyb
  2903 | D:3      | Killed Ijyb
  3049 | D:3      | Learned a level 4 spell: Hailstorm
  3054 | D:3      | Learned a level 4 spell: Summon Ice Beast
  3280 | D:3      | Found an ornate altar of the Wu Jian Council.
  3419 | D:3      | Reached ** piety under Cheibriados
  3766 | D:4      | Reached skill level 1 in Summonings
  3780 | D:4      | Reached skill level 1 in Short Blades
  3780 | D:4      | Reached XP level 7. HP: 40/46 MP: 7/12
  4168 | D:4      | Reached skill level 8 in Ice Magic
  4334 | D:4      | Reached *** piety under Cheibriados
  4605 | D:5      | Entered Level 5 of the Dungeon
  4619 | D:5      | Reached XP level 8. HP: 48/52 MP: 10/14
  5368 | D:5      | Reached skill level 9 in Ice Magic
  5597 | D:5      | Noticed Sigmund
  5605 | D:5      | Killed Sigmund
  5605 | D:5      | Reached skill level 5 in Spellcasting
  5605 | D:5      | Reached skill level 1 in Invocations
  5623 | D:5      | Found a shattered altar of Ashenzari.
  5630 | D:5      | Saw a vision of the Swamp and the Spider Nest.
  5630 | D:5      | Noticed a wolf spider
  5630 | D:5      | Noticed a redback
  5630 | D:5      | Noticed a redback
  5630 | D:5      | Noticed a redback
  5630 | D:5      | Noticed a wolf spider
  5630 | D:5      | Noticed an alligator
  5630 | D:5      | Noticed an alligator
  5630 | D:5      | Noticed a wolf spider
  5631 | D:5      | Noticed a redback
  5841 | D:6      | Paralysed by a centaur for 4 turns
  5846 | D:6      | Reached skill level 5 in Stealth
  5851 | D:6      | Reached **** piety under Cheibriados
  5851 | D:6      | Reached XP level 9. HP: 32/57 MP: 13/16
  5875 | D:6      | Reached skill level 10 in Ice Magic
  5902 | D:6      | Noticed Grinder
  6212 | D:6      | Paralysed by Grinder for 7 turns
  6214 | D:6      | Killed Grinder
  6376 | D:6      | Found an opulent altar of Gozag.
  6552 | D:6      | Found an ancient bone altar of Kikubaaqudgha.
  6637 | D:7      | Mangled by an ogre

Illustrated notes

Levels and vault maps discovered:
D:1:      matt_arrival_diagonals, layout_basic, minmay_tree_intersection
D:2:      wad_crossroads, layout_loops_corners,
          gammafunk_temple_overflow_forgotten, fedhas_ov_isle_minmay,
          first_ration, uniq_jessica, uniq_natasha
D:3:      layout_loops_ring, nicolae_overflow_crystal_walls, uniq_ijyb,
          uniq_robin
D:4:      layout_cave_pools
D:5:      layout_basic, grunt_decor_resistance, grunt_ashenzari_visionary
          [grunt_ashenzari_visionary_swamp, grunt_ashenzari_visionary_spider],
          uniq_sigmund
D:6:      layout_rooms, kennysheep_vampire_church,
          nicolae_gozag_cash_rules_everything_around_me, uniq_grinder
D:7:      kennysheep_windowed_halls, layout_rooms,
          lemuel_mausoleum_altar_yredelemnul,
          minmay_temple_entry_gardened_gates, gammafunk_ghost_necromancy,
          grunt_ogre_cave, uniq_menkaure

Skill      XL: |  1  2  3  4  5  6  7  8  9 |
---------------+----------------------------+-----
Ice Magic      | 5 6 7 8 9 10 | 10.2
Stealth        | 2 3 4 5 |  5.5
Spellcasting   | 3 4 5 |  5.7
Summonings     | 1 2 3 |  3.0
Short Blades   | 1 2 3 4 |  4.3
Invocations    | 1 2 |  2.6
Dodging        | |  2.1
Evocations     | |  0.9

Action                   |  1- 3 |  4- 6 |  7- 9 || total
-------------------------+-------+-------+-------++-------
Melee: Dagger            |    19 |    66 |    47 ||   132
       Rapier            |       |       |    71 ||    71
Throw: Dart              |       |       |     3 ||     3
 Cast: Freeze            |    42 |    29 |    17 ||    88
       Frozen Ramparts   |       |    13 |    23 ||    36
       Summon Ice Beast  |       |       |     4 ||     4
 Abil: Hop               |       |     1 |     4 ||     5
  Use: Scroll            |       |       |     7 ||     7
       Potion            |       |       |     2 ||     2
 Stab: Sleeping          |     3 |     8 |     7 ||    18
       Distracted        |       |       |     1 ||     1
  Eat: Chunk             |     3 |     7 |     5 ||    15
Armor: Robe              |    32 |    11 |    45 ||    88
Dodge: Dodged            |    30 |    53 |   125 ||   208
